 Dungeon Crawl Stone Soup version 0.22-a0-570-g58866f5 (webtiles) character file.

33 Hebeh the Shield-Bearer (level 3, 0/33 HPs)
             Began as a Minotaur Fighter on June 30, 2018.
             Slain by an ogre
             ... wielding a +0 giant club
              (16 damage)
             ... on level 2 of the Dungeon.
             The game lasted 00:01:36 (469 turns).

Hebeh the Shield-Bearer (Minotaur Fighter)           Turns: 469, Time: 00:01:36

Health: 0/33       AC:  7    Str: 21    XL:     3   Next: 12%
Magic:  2/2        EV:  7    Int:  5    God:
Gold:   33         SH:  9    Dex:  9    Spells: 2/2 levels left

rFire    . . .     SeeInvis .   a - +0 war axe
rCold    . . .     Gourm    .   c - +0 shield
rNeg     . . .     Faith    .   b - +0 scale mail
rPois    .         Spirit   .   (helmet restricted)
rElec    .         Reflect  .   (no cloak)
rCorr    .         Harm     .   (no gloves)
MR       .....                  (no boots)
Stlth    ..........             (no amulet)
HPRegen  0.11/turn              (no ring)
MPRegen  0.08/turn              (no ring)

@: no status effects
A: retaliatory headbutt, horns 2
a: no special abilities


You were on level 2 of the Dungeon.
You were not hungry.

You visited 1 branch of the dungeon, and saw 2 of its levels.

You collected 33 gold pieces.

Inventory:

Hand Weapons
 a - a +0 war axe (weapon)
Armour
 b - a +0 scale mail (worn)
 c - a +0 shield (worn)
Scrolls
 e - a scroll of fear {unknown}
 h - a scroll of identify {unknown}
 i - a scroll of amnesia {unknown}
 j - a scroll of enchant armour {unknown}
 k - 2 scrolls of remove curse {unknown}
Potions
 d - a potion of might
Comestibles
 f - a ration
 g - 2 chunks of flesh


   Skills:
 + Level 4.0 Fighting
 * Level 3.3 Axes
 + Level 4.0 Armour
 + Level 4.0 Shields


You had 2 spell levels left.
You didn't know any spells.
Your spell library was empty.

Dungeon Overview and Level Annotations

Branches:
Dungeon (2/15)

Altars:


Innate Abilities, Weirdness & Mutations

You reflexively headbutt those who attack you in melee.
You have a pair of horns on your head.


Message History

There is a stone staircase leading down here.
An ogre comes into view. It is wielding a giant club.
The ogre shouts!
An ogre is nearby!
Found 9 gold pieces.
An adder comes into view.
The ogre hits you with a giant club!
Found a glowing wooden wand and a scroll labeled WAOQIH HUNOSO.
You closely miss the ogre.
The adder hisses angrily.
A goblin comes into view. It is wielding a club.
The ogre hits you with a giant club.
You are too injured to fight recklessly!
You are too injured to fight recklessly!
You are too injured to fight recklessly!
You are too injured to fight recklessly!
You barely miss the ogre.
The goblin shouts!
The ogre hits you with a giant club!
You die...

..######################
.$...SO@............>...
######.#################
... ..... .......
....... .g..... ?..../.


You could see an ogre, an adder and a goblin.

Vanquished Creatures
  An ooze (D:1)
  A dart slug (D:1)
  A giant cockroach (D:1)
  5 goblins (D:1)
  6 hobgoblins (D:1)
  3 jackals (D:1)
  2 bats (D:1)
  A frilled lizard (D:1)
  4 rats (D:1)
24 creatures vanquished.

Notes
Turn   | Place    | Note
-------+----------+-------------------------------------------
     0 | D:1      | Hebeh the Minotaur Fighter began the quest for the Orb.
     0 | D:1      | Reached XP level 1. HP: 19/19 MP: 0/0
    75 | D:1      | Reached XP level 2. HP: 21/27 MP: 1/1
   210 | D:1      | Reached XP level 3. HP: 25/33 MP: 2/2
   464 | D:2      | Noticed an ogre
   469 | D:2      | Slain by an ogre

Vault maps used:
D:1:      ncdulo_watergridlock
D:2:      lemuel_coloured_pillars_altar, nicolae_ru_great_annihilating_truth,
          grunt_gozag_breadcrumbs, first_ration, uniq_jessica

Skill      XL: |  1  2  3 |
---------------+----------+-----
Axes           | 3 |  3.3
Fighting       | 4 |  4.0
Shields        | 4 |  4.0
Armour         | 4 |  4.0

Action                   || total
-------------------------++-------
Melee: War axe           ||    49
       Headbutt          ||     5
Armor: Scale mail        ||    22
Dodge: Dodged            ||    12
Block: Shield            ||    22

Table legend:
 A = Spawn XP
 B = Non-spawn XP
 C = Spawn XP percentage of total XP
 D = Spawn monster count
 E = Non-spawn monster count
 F = Spawn count percentage of total count
 G = Total turns spent on level
                    A         B        C        D         E        F      G
               +---------+---------+-------+---------+---------+-------+---------
         Total |       0 |      48 |   0.0 |       0 |      24 |   0.0 |   469
               +---------+---------+-------+---------+---------+-------+---------
           D:1 |       0 |      48 |   0.0 |       0 |      24 |   0.0 |   442
               +---------+---------+-------+---------+---------+-------+---------
